AoeStats
← darador86

Arena

509797782Analyzed
4v4 RM · 6d ago on Sep 28, 2026· 55m 54s· 8 players
Game mode
Random Map
Map size
Large (8 player)
Population
200
Speed
Normal
Resources
Standard
Victory
Conquest
Starting age
Dark Age
Ending age
Imperial Age
RankedLock teamsTeams togetherTeam positionsShared explorationLock speedFull tech treeHidden civsTurbo modeCheats
Victory
Defeat
🇨🇦 Khmer · Canada
758
+9
🇺🇸 Burgundians · United States
750
+9
🇦🇷 Huns · Argentina
680
+12
🇺🇸 Britons · United States
657
+12
🇺🇸 Mongols · United States
686
-14
🇺🇸 Bohemians · United States
637
-12
🇺🇸 Japanese · United States
584
-10
🇹🇷 Persians · Türkiye
436
-6
★秧★FISHY
1:15 Loom
13:54 Feudal Age
15:14 Wheelbarrow
14:22 Horse Collar
14:32 Double-Bit Axe
20:45 Castle Age
18:40 Stone Mining
25:55 Bow Saw
30:11 Gold Mining
35:06 Imperial Age
36:04 Gold Shaft Mining
35:48 Hand Cart
36:03 Heavy Plow
37:49 Bloodlines
37:00 Light Cavalry
38:59 Fletching
39:19 Forging
39:15 Scale Barding Armor
39:43 Crop Rotation
38:48 Hussar
41:50 Bodkin Arrow
42:30 Iron Casting
42:17 Chain Barding Armor
45:53 Bracer
46:53 Blast Furnace
46:30 Plate Barding Armor
zafishroc
7:29 Double-Bit Axe
12:19 Feudal Age
10:50 Horse Collar
13:42 Bow Saw
13:34 Heavy Plow
13:52 Loom
15:22 Wheelbarrow
20:31 Castle Age
18:48 Stone Mining
18:52 Gold Mining
20:08 Stone Shaft Mining
20:11 Gold Shaft Mining
22:20 Two-Man Saw
24:29 Hand Cart
25:03 Crop Rotation
25:36 Burgundian Vineyards
28:09 Forging
28:05 Scale Barding Armor
27:25 Cavalier
32:15 Imperial Age
30:25 Husbandry
31:03 Iron Casting
30:48 Chain Barding Armor
33:56 Blast Furnace
33:27 Caravan
33:39 Guilds
32:57 Paladin
36:07 Ballistics
36:48 Chemistry
37:08 Conscription
Sauce_Tycoon710
0:39 Loom
9:19 Feudal Age
10:14 Double-Bit Axe
10:13 Horse Collar
15:13 Gold Mining
21:31 Castle Age
19:30 Stone Mining
19:24 Man-at-Arms
20:42 Forging
22:27 Bow Saw
23:11 Wheelbarrow
22:45 Heavy Plow
24:34 Long Swordsman
27:24 Hand Cart
29:28 Gold Shaft Mining
32:13 Imperial Age
29:52 Gambesons
30:52 Fletching
31:03 Padded Archer Armor
32:42 Leather Archer Armor
32:24 Bodkin Arrow
33:50 Iron Casting
33:30 Elite Skirmisher
34:27 Elite Longbowman
36:38 Caravan
36:16 Two-Handed Swordsman
36:53 Crossbowman
37:30 Champion
39:56 Warwolf
45:00 Two-Man Saw
48:40 Squires
48:25 Arson
48:04 Pikeman
49:18 Ring Archer Armor
48:48 Bracer
49:50 Blast Furnace
48:53 Scale Mail Armor
49:01 Scale Barding Armor
53:28 Heavy Mounted Crossbowman
53:28 Cranequins
54:30 Chain Mail Armor
54:36 Chain Barding Armor
darador86
11:52 Feudal Age
13:14 Double-Bit Axe
14:00 Horse Collar
20:03 Castle Age
18:21 Gold Mining
18:22 Stone Mining
21:34 Heavy Plow
21:47 Bow Saw
22:15 Gold Shaft Mining
29:07 Caravan
30:25 Wheelbarrow
29:36 Town Watch
32:38 Imperial Age
31:48 Arson
32:05 Squires
31:25 Pikeman
32:13 Scale Barding Armor
32:09 Scale Mail Armor
32:19 Forging
32:12 Padded Archer Armor
32:02 Fletching
32:54 Marauders
34:48 Elite Tarkan
35:50 Conscription
36:00 Ballistics
35:43 Murder Holes
36:19 Husbandry
36:30 Bloodlines
37:28 Thumb Ring
39:03 Chemistry
39:24 Parthian Tactics
39:30 Elite Skirmisher
41:22 Bodkin Arrow
41:43 Leather Archer Armor
42:04 Iron Casting
41:47 Chain Mail Armor
50:41 Halberdier
Scoobydoo117778
0:46 Loom
9:36 Feudal Age
10:07 Double-Bit Axe
10:18 Horse Collar
20:13 Castle Age
19:45 Wheelbarrow
19:41 Town Watch
20:37 Man-at-Arms
25:31 Long Swordsman
26:38 Fletching
28:44 Pikeman
29:46 Squires
30:07 Arson
37:53 Imperial Age
36:02 Bow Saw
38:30 Chemistry
38:24 Bodkin Arrow
43:22 Siege Engineers
42:45 Halberdier
Hitman4Hire24
0:26 Loom
13:06 Feudal Age
13:32 Double-Bit Axe
14:25 Wheelbarrow
14:06 Horse Collar
14:14 Town Watch
15:19 Gold Mining
14:56 Man-at-Arms
15:23 Arson
24:38 Forging
24:29 Scale Mail Armor
24:30 Padded Archer Armor
24:36 Scale Barding Armor
29:19 Castle Age
27:46 Fletching
28:22 Bloodlines
30:20 Bow Saw
30:36 Hand Cart
29:49 Long Swordsman
30:30 Squires
30:16 Gambesons
29:52 Pikeman
31:01 Heavy Plow
31:15 Husbandry
30:44 Light Cavalry
30:50 Elite Skirmisher
32:20 Bodkin Arrow
32:40 Leather Archer Armor
33:50 Husbandry
35:34 Iron Casting
36:16 Murder Holes
36:03 Treadmill Crane
38:09 Town Patrol
39:08 Gold Shaft Mining
38:25 Stone Mining
43:34 Thumb Ring
48:29 Imperial Age
drtySASQUATCH69
0:33 Loom
18:39 Feudal Age
21:05 Wheelbarrow
20:13 Horse Collar
20:22 Double-Bit Axe
20:30 Gold Mining
20:34 Stone Mining
24:03 Forging
24:01 Scale Barding Armor
24:33 Bloodlines
25:16 Fletching
25:27 Padded Archer Armor
29:48 Castle Age
31:02 Hand Cart
31:02 Bow Saw
31:07 Caravan
31:45 Heavy Plow
34:19 Gold Shaft Mining
34:22 Iron Casting
33:44 Bodkin Arrow
34:04 Leather Archer Armor
38:10 Chain Barding Armor
37:54 Husbandry
41:20 Imperial Age
40:02 Nomads
42:18 Stone Shaft Mining
42:41 Conscription
43:24 Blast Furnace
42:27 Bracer
41:55 Elite Steppe Lancer
42:55 Heavy Camel Rider
44:44 Ballistics
45:25 Chemistry
46:34 Elite Mangudai
48:43 Siege Engineers
50:04 Hoardings
Zeru
11:29 Feudal Age
16:43 Castle Age
15:23 Double-Bit Axe
16:37 Horse Collar
17:34 Bow Saw
17:26 Heavy Plow
20:29 Fervor
21:24 Town Watch
21:25 Loom
22:27 Stone Mining
24:21 Wheelbarrow
23:50 Gold Mining
26:06 Hand Cart
25:52 Town Patrol
26:51 Stone Shaft Mining
28:34 Caravan
30:27 Husbandry
32:49 Bloodlines
36:35 Imperial Age
36:56 Elite War Elephant
38:02 Conscription
37:53 Citadels
38:03 Citadels
39:12 Two-Man Saw
39:41 Crop Rotation
44:30 Pikeman
45:11 Squires
44:57 Arson
45:17 Scale Mail Armor
45:28 Forging
45:23 Scale Barding Armor
45:19 Padded Archer Armor
46:25 Gold Shaft Mining
45:12 Cavalier
47:02 Savar
52:26 Chain Barding Armor
52:42 Iron Casting
52:23 Chain Mail Armor
52:24 Leather Archer Armor
52:00 Fletching
52:25 Halberdier
56:34 Plate Mail Armor
57:04 Blast Furnace
56:40 Plate Barding Armor
Connection lost

Rejoining the realm…

Still unreachable

The connection could not be restored.

Session expired

The server has moved on; the page needs a fresh start.